APP
PULASKI YANKEES @ SEATTLE (APP) MARINERS
05/07/2044
 
TOP OF THE 1ST
Pulaski Yankees batting - Pitching for Seattle (APP) Mariners : RHP David Lane
Pitching: RHP David Lane
Batting: RHB Bobby Melillo 0-0: Ball
1-0: SOLO HOME RUN (Line Drive, 9LD, EV 95.6 MPH), Distance : 345 ft
Batting: LHB Dan Morris 0-0: Ball
1-0: Called Strike
1-1: Ball
2-1: Ground out 6-3 (Groundball, 6M, EV 93.8 MPH)
Batting: LHB Joel Vera 0-0: Foul Ball, location: 2F
0-1: Ball
1-1: Foul Ball, location: 2F
1-2: Ball
2-2: Ball
3-2: Fly out, F7 (Flyball, 7D, EV 100.6 MPH)
Batting: SHB Blake Abbott 0-0: Ball
1-0: Foul Ball, location: 2F
1-1: Ball
2-1: Foul Ball, location: 2F
2-2: Fly out, F9 (Flyball, 9LS, EV 78.8 MPH)
Top of the 1st over - 1 run, 1 hit, 0 errors, 0 left on base; Pulaski 1 - Seattle (APP) 0
BOTTOM OF THE 1ST
Seattle (APP) Mariners batting - Pitching for Pulaski Yankees : RHP Chris McCoy
Pitching: RHP Chris McCoy
Batting: RHB Micah Roth 0-0: Fly out, F8 (Flyball, 8RM, EV 73.8 MPH)
Batting: LHB William Warren 0-0: Called Strike
0-1: Fly out, F8 (Flyball, 8RXD, EV 90.6 MPH)
Batting: RHB Malik Brookshire 0-0: Called Strike
0-1: Ball
1-1: Ball
2-1: Called Strike
2-2: Ground out 6-3 (Groundball, 56D, EV 79.4 MPH)
Bottom of the 1st over - 0 runs, 0 hits, 0 errors, 0 left on base; Pulaski 1 - Seattle (APP) 0
TOP OF THE 2ND
Pulaski Yankees batting - Pitching for Seattle (APP) Mariners : RHP David Lane
Batting: RHB Mike Gifford 0-0: Ball
1-0: Ball
2-0: Called Strike
2-1: Ball
3-1: Called Strike
3-2: Base on Balls
Pitching: LHP Mitch Lewis
Batting: SHB Victor Ruiz 0-0: Ball
1-0: Ball
2-0: Ball
3-0: Called Strike
3-1: Base on Balls
Mike Gifford to second
Batting: RHB Johannes Gutermuth 0-0: Called Strike
0-1: Called Strike
0-2: Ball
1-2: Fielders Choice at 2nd, 4-6 (Groundball, 34, EV 108.8 MPH)
Mike Gifford to third
Batting: RHB Roberto Tena 0-0: Ball
1-0: Called Strike
1-1: Ball
2-1: SINGLE (Groundball, 56D, EV 91.2 MPH) (infield hit)
Mike Gifford scores
Johannes Gutermuth to second
Batting: SHB Joe Fure 0-0: Called Strike
0-1: Ball
1-1: Foul Ball, location: 2F
1-2: Ball
2-2: Ball
3-2: Strikes out swinging
Pitching: LHP Kevin Roberts
Batting: RHB Bobby Melillo 0-0: Ball
1-0: Ball
2-0: Called Strike
2-1: Ball
3-1: Base on Balls
Johannes Gutermuth to third
Roberto Tena to second
Batting: LHB Dan Morris 0-0: Ball
1-0: Fly out, F7 (Flyball, 7D, EV 104.4 MPH)
Top of the 2nd over - 1 run, 1 hit, 0 errors, 3 left on base; Pulaski 2 - Seattle (APP) 0
BOTTOM OF THE 2ND
Seattle (APP) Mariners batting - Pitching for Pulaski Yankees : RHP Chris McCoy
Batting: RHB John Peterson 0-0: Swinging Strike
0-1: Called Strike
0-2: Ball
1-2: Ball
2-2: Strikes out swinging
Batting: SHB Frank Amato 0-0: Ball
1-0: Ball
2-0: Ball
3-0: Base on Balls
Batting: LHB Ryan Daniels 0-0: Called Strike
0-1: Swinging Strike
0-2: Strikes out swinging
Batting: RHB John Vasquez 0-0: Hit by Pitch
Frank Amato to second
Batting: SHB Ray Skogen 0-0: Fly out, F8 (Flyball, 89D, EV 83.1 MPH)
Bottom of the 2nd over - 0 runs, 0 hits, 0 errors, 2 left on base; Pulaski 2 - Seattle (APP) 0
TOP OF THE 3RD
Pulaski Yankees batting - Pitching for Seattle (APP) Mariners : LHP Kevin Roberts
Batting: LHB Joel Vera 0-0: Ball
1-0: Ball
2-0: Ball
3-0: Base on Balls
Batting: SHB Blake Abbott 0-0: Foul Ball, location: 2F
0-1: Swinging Strike
0-2: Ball
1-2: Foul Ball, location: 2F
1-2: Ball
2-2: Ball
3-2: Base on Balls
Joel Vera to second
Pitching: LHP Adam Parrish
Batting: RHB Mike Gifford 0-0: Ball
1-0: Called Strike
1-1: Foul Ball, location: 2F
1-2: Strikes out looking
Batting: SHB Victor Ruiz 0-0: Called Strike
0-1: Ball
1-1: Called Strike
1-2: Ball
2-2: Ball
3-2: Foul Ball, location: 2F
3-2: Foul Ball, location: 2F
3-2: Base on Balls
Joel Vera to third
Blake Abbott to second
Batting: RHB Johannes Gutermuth 0-0: Ball
1-0: Called Strike
1-1: Grounds into fielders choice 1-2 (Groundball, 15S, EV 60.6 MPH)
Blake Abbott to third
Victor Ruiz to second
Batting: RHB Roberto Tena 0-0: Ball
1-0: GRAND SLAM HOME RUN (Flyball, 7D, EV 96.2 MPH), Distance : 360 ft
Batting: SHB Joe Fure 0-0: Called Strike
0-1: Ball
1-1: Foul Ball, location: 2F
1-2: Ball
2-2: DOUBLE (Groundball, 5L, EV 105.0 MPH)
Batting: RHB Bobby Melillo 0-0: Foul Ball, location: 2F
0-1: Called Strike
0-2: Ball
1-2: Ball
2-2: Ball
3-2: Base on Balls
Batting: LHB Dan Morris 0-0: Ball
1-0: Called Strike
1-1: Ball
2-1: Foul Ball, location: 2F
2-2: Foul Ball, location: 2F
2-2: Fielders Choice at 2nd, 6-4 (Groundball, 56, EV 100.0 MPH)
Top of the 3rd over - 4 runs, 2 hits, 0 errors, 2 left on base; Pulaski 6 - Seattle (APP) 0
BOTTOM OF THE 3RD
Seattle (APP) Mariners batting - Pitching for Pulaski Yankees : RHP Chris McCoy
Batting: RHB Jesus Santiago 0-0: Ball
1-0: Called Strike
1-1: Ball
2-1: Fly out, F8 (Flyball, 78M, EV 90.6 MPH)
Batting: RHB Micah Roth 0-0: Ground out 5-3 (Groundball, 56, EV 90.0 MPH)
Batting: LHB William Warren 0-0: Called Strike
0-1: Ball
1-1: Ball
2-1: Ball
3-1: Swinging Strike
3-2: Base on Balls
Batting: RHB Malik Brookshire 0-0: Called Strike
0-1: Called Strike
0-2: Ball
1-2: Foul Ball, location: 2F
1-2: Foul Ball, location: 2F
1-2: Foul Ball, location: 2F
1-2: Hit by Pitch
William Warren to second
Batting: RHB John Peterson 0-0: Called Strike
0-1: Ball
1-1: Swinging Strike
1-2: Ball
2-2: Foul Ball, location: 2F
2-2: Foul Ball, location: 2F
2-2: Ball
3-2: Foul Ball, location: 2F
3-2: Foul Ball, location: 2F
3-2: Strikes out swinging
Bottom of the 3rd over - 0 runs, 0 hits, 0 errors, 2 left on base; Pulaski 6 - Seattle (APP) 0
TOP OF THE 4TH
Pulaski Yankees batting - Pitching for Seattle (APP) Mariners : LHP Adam Parrish
Batting: LHB Joel Vera 0-0: Ball
1-0: Called Strike
1-1: Fly out, F4 (Popup, 4, EV 63.1 MPH)
Batting: SHB Blake Abbott 0-0: Called Strike
0-1: Foul Ball, location: 2F
0-2: Ball
1-2: Ground out 4-3 (Groundball, 4, EV 81.2 MPH)
Batting: RHB Mike Gifford 0-0: Ball
1-0: Ball
2-0: Ball
3-0: Base on Balls
Batting: SHB Victor Ruiz 0-0: Ball
1-0: Swinging Strike
1-1: SINGLE (Line Drive, 78S, EV 93.8 MPH)
Mike Gifford to second
Runner from 2nd tries for 3rd, SAFE, throw by LF made to third
Batting: RHB Johannes Gutermuth 0-0: Fly out, F8 (Flyball, 8RXD, EV 95.0 MPH)
Top of the 4th over - 0 runs, 1 hit, 0 errors, 2 left on base; Pulaski 6 - Seattle (APP) 0
BOTTOM OF THE 4TH
Seattle (APP) Mariners batting - Pitching for Pulaski Yankees : RHP Chris McCoy
Batting: SHB Frank Amato 0-0: Ball
1-0: Fly out, F8 (Flyball, 8RXD, EV 81.9 MPH)
Batting: LHB Ryan Daniels 0-0: Ball
1-0: Ball
2-0: Called Strike
2-1: Ball
3-1: Swinging Strike
3-2: Foul Ball, location: 2F
3-2: Fly out, F6 (Popup, 6MS, EV 80.6 MPH)
Batting: RHB John Vasquez 0-0: Swinging Strike
0-1: Swinging Strike
0-2: Strikes out swinging
Bottom of the 4th over - 0 runs, 0 hits, 0 errors, 0 left on base; Pulaski 6 - Seattle (APP) 0
TOP OF THE 5TH
Pulaski Yankees batting - Pitching for Seattle (APP) Mariners : LHP Adam Parrish
Batting: RHB Roberto Tena 0-0: SINGLE (Groundball, 4M, EV 81.9 MPH) (infield hit)
Batting: SHB Joe Fure 0-0: Called Strike
0-1: Called Strike
0-2: Strikes out looking
Batting: RHB Bobby Melillo 0-0: Ball
1-0: Called Strike
1-1: Called Strike
1-2: Ball
2-2: SINGLE (Line Drive, 9S, EV 102.5 MPH)
Roberto Tena to second
Batting: LHB Dan Morris 0-0: Ball
1-0: Foul Ball, location: 2F
1-1: Foul Ball, location: 2F
1-2: Ground out 6-3 (Groundball, 6MS, EV 82.5 MPH)
Roberto Tena to third
Bobby Melillo to second
Pitching: RHP Jung-wan Aan
Batting: LHB Joel Vera 0-0: Called Strike
0-1: Foul Ball, location: 2F
0-2: Ball
Wild Pitch!
Roberto Tena scores
Bobby Melillo to third
1-2: Ball
2-2: Ball
3-2: Foul Ball, location: 2F
3-2: 2-RUN HOME RUN (Flyball, 9LD, EV 93.8 MPH), Distance : 342 ft
Batting: SHB Blake Abbott 0-0: SOLO HOME RUN (Flyball, 7LD, EV 95.0 MPH), Distance : 333 ft
Batting: RHB Mike Gifford 0-0: Ball
1-0: Ball
2-0: Called Strike
2-1: Ball
3-1: Base on Balls
Batting: SHB Victor Ruiz 0-0: Ball
1-0: Foul Ball, location: 2F
1-1: Swinging Strike
1-2: Foul Ball, location: 2F
1-2: Fly out, F8 (Flyball, 8RM, EV 95.6 MPH)
Top of the 5th over - 4 runs, 4 hits, 0 errors, 1 left on base; Pulaski 10 - Seattle (APP) 0
BOTTOM OF THE 5TH
Seattle (APP) Mariners batting - Pitching for Pulaski Yankees : RHP Chris McCoy
Batting: SHB Ray Skogen 0-0: Called Strike
0-1: Swinging Strike
0-2: Hit by Pitch
Batting: RHB Jesus Santiago 0-0: Ball
1-0: Called Strike
1-1: Ball
2-1: Swinging Strike
2-2: Strikes out swinging
Batting: RHB Micah Roth 0-0: Ball
1-0: Called Strike
1-1: Called Strike
1-2: Ball
2-2: SINGLE (Groundball, 25, EV 60.0 MPH) (infield hit)
Ray Skogen to second
Batting: LHB William Warren 0-0: Ball
1-0: Called Strike
1-1: Ball
2-1: Ball
3-1: Fielders Choice at 2nd, 1-6 (Groundball, 13S, EV 68.1 MPH)
Ray Skogen to third
Batting: RHB Malik Brookshire 0-0: Called Strike
0-1: Ball
1-1: Foul Ball, location: 2F
1-2: Ball
2-2: Foul Ball, location: 2F
2-2: Ball
3-2: Ground out 3-1 (Groundball, 34S, EV 76.9 MPH)
Bottom of the 5th over - 0 runs, 1 hit, 0 errors, 2 left on base; Pulaski 10 - Seattle (APP) 0
TOP OF THE 6TH
Pulaski Yankees batting - Pitching for Seattle (APP) Mariners : RHP Jung-wan Aan
Pitching: RHP Justin Lee
Batting: RHB Johannes Gutermuth 0-0: Ball
1-0: Called Strike
1-1: Swinging Strike
1-2: Foul Ball, location: 2F
1-2: Ball
2-2: Foul Ball, location: 2F
2-2: Strikes out swinging
Batting: RHB Roberto Tena 0-0: Called Strike
0-1: Called Strike
0-2: Ball
1-2: SINGLE (Groundball, 6D, EV 101.9 MPH)
Batting: SHB Joe Fure 0-0: Ball
1-0: Ball
2-0: Swinging Strike
2-1: Swinging Strike
2-2: SINGLE (Line Drive, 9S, EV 107.5 MPH)
Roberto Tena to second
Batting: RHB Bobby Melillo 0-0: Ball
1-0: Foul Ball, location: 2F
1-1: Foul Ball, location: 2F
1-2: Foul Ball, location: 2F
1-2: Foul Ball, location: 2F
1-2: Ball
2-2: Ball
3-2: Base on Balls
Roberto Tena to third
Joe Fure to second
Pitching: LHP Andy Mathis
Batting: LHB Dan Morris 0-0: Ball
1-0: Ball
2-0: Ball
3-0: Called Strike
3-1: Base on Balls
Roberto Tena scores
Joe Fure to third
Bobby Melillo to second
Batting: LHB Joel Vera 0-0: Ball
1-0: Foul Ball, location: 2F
1-1: Foul Ball, location: 2F
1-2: Foul Ball, location: 2F
1-2: Foul Ball, location: 2F
1-2: Foul Ball, location: 2F
1-2: Foul Ball, location: 2F
1-2: SINGLE (Groundball, 4MD, EV 105.6 MPH)
Joe Fure scores
Bobby Melillo to third
Dan Morris to second
Runner from 3rd tries for Home, throw by CF and OUT! 8-2
Batting: SHB Blake Abbott 0-0: Ball
1-0: 3-RUN HOME RUN (Flyball, 7LD, EV 94.4 MPH), Distance : 326 ft
Batting: RHB Mike Gifford 0-0: Ball
1-0: Foul Ball, location: 2F
1-1: Ball
2-1: SOLO HOME RUN (Flyball, 7LD, EV 91.9 MPH), Distance : 330 ft
Pitching: LHP Aidan Smith
Batting: SHB Victor Ruiz 0-0: Ball
1-0: Foul Ball, location: 2F
1-1: Ground out 6-3 (Groundball, 6, EV 91.2 MPH)
Top of the 6th over - 6 runs, 5 hits, 0 errors, 0 left on base; Pulaski 16 - Seattle (APP) 0
BOTTOM OF THE 6TH
Seattle (APP) Mariners batting - Pitching for Pulaski Yankees : RHP Chris McCoy
Batting: RHB John Peterson 0-0: Called Strike
0-1: Ground out 4-3 (Groundball, 4S, EV 89.4 MPH)
Batting: SHB Frank Amato 0-0: Foul Ball, location: 2F
0-1: Foul Ball, location: 2F
0-2: Foul Ball, location: 2F
0-2: Fly out, F8 (Flyball, 89D, EV 97.5 MPH)
Batting: LHB Ryan Daniels 0-0: Foul Ball, location: 2F
0-1: Foul Ball, location: 2F
0-2: Ball
1-2: DOUBLE (Groundball, 3L, EV 97.5 MPH)
Batting: RHB John Vasquez 0-0: Called Strike
0-1: Foul Ball, location: 2F
0-2: Strikes out swinging
Bottom of the 6th over - 0 runs, 1 hit, 0 errors, 1 left on base; Pulaski 16 - Seattle (APP) 0
TOP OF THE 7TH
Pulaski Yankees batting - Pitching for Seattle (APP) Mariners : LHP Aidan Smith
Batting: RHB Johannes Gutermuth 0-0: Called Strike
0-1: Ball
1-1: Ball
2-1: Ball
3-1: Foul Ball, location: 2F
3-2: Base on Balls
Batting: RHB Roberto Tena 0-0: Hit by Pitch
Johannes Gutermuth to second
Batting: SHB Joe Fure 0-0: Ball
1-0: Swinging Strike
1-1: Ball
Wild Pitch!
Johannes Gutermuth to third
Roberto Tena to second
2-1: Ball
3-1: Base on Balls
Pinch Hitting: RHB Colby Macon 0-0: Ball
1-0: SINGLE (Groundball, 4S, EV 61.2 MPH) (infield hit)
Johannes Gutermuth scores
Roberto Tena to third
Joe Fure to second
Batting: LHB Dan Morris 0-0: Foul Ball, location: 2F
0-1: Ball
1-1: Fielders Choice at 2nd, 5-4 (Groundball, 56, EV 101.9 MPH)
Roberto Tena scores
Joe Fure to third
Batting: LHB Joel Vera 0-0: Foul Ball, location: 2F
0-1: Swinging Strike
0-2: Ball
1-2: Ball
2-2: Ball
3-2: Ground out 6-3 (Groundball, 6S, EV 74.4 MPH)
Joe Fure scores
Dan Morris to second
Batting: SHB Blake Abbott 0-0: Ball
1-0: Called Strike
1-1: Ball
2-1: Ball
3-1: Base on Balls
Batting: RHB Mike Gifford 0-0: Swinging Strike
0-1: 3-RUN HOME RUN (Flyball, 9D, EV 96.9 MPH), Distance : 366 ft
Batting: SHB Victor Ruiz 0-0: DOUBLE (Line Drive, 7LM, EV 113.1 MPH)
Batting: RHB Johannes Gutermuth 0-0: Fly out, F3 (Line Drive, 4, EV 71.9 MPH)
Top of the 7th over - 6 runs, 3 hits, 0 errors, 1 left on base; Pulaski 22 - Seattle (APP) 0
BOTTOM OF THE 7TH
Seattle (APP) Mariners batting - Pitching for Pulaski Yankees : RHP Chris McCoy
Pitching: RHP Bill Kaiser
Now at 1B: Eddie Trebelhorn
Batting: SHB Ray Skogen 0-0: Called Strike
0-1: Swinging Strike
0-2: Ball
1-2: Strikes out swinging
Batting: RHB Jesus Santiago 0-0: Ball
1-0: Foul Ball, location: 2F
1-1: Foul Ball, location: 2F
1-2: Strikes out swinging
Batting: RHB Micah Roth 0-0: Called Strike
0-1: Ball
1-1: Swinging Strike
1-2: Foul Ball, location: 2F
1-2: Strikes out swinging
Bottom of the 7th over - 0 runs, 0 hits, 0 errors, 0 left on base; Pulaski 22 - Seattle (APP) 0
TOP OF THE 8TH
Pulaski Yankees batting - Pitching for Seattle (APP) Mariners : LHP Aidan Smith
Batting: RHB Roberto Tena 0-0: Ball
1-0: Ball
2-0: Ball
3-0: Base on Balls
Batting: SHB Joe Fure 0-0: Ball
1-0: Foul Ball, location: 2F
1-1: Foul Ball, location: 2F
1-2: Strikes out swinging
Batting: SHB Eddie Trebelhorn 0-0: Ball
1-0: Ball
2-0: Swinging Strike
2-1: Foul Ball, location: 2F
2-2: Fly out, F7 (Flyball, 7LM, EV 90.0 MPH)
Batting: LHB Dan Morris 0-0: Ball
1-0: Foul Ball, location: 2F
1-1: Ball
2-1: Ball
3-1: Foul Ball, location: 2F
3-2: 2-RUN HOME RUN (Flyball, 7LD, EV 90.6 MPH), Distance : 331 ft
Batting: LHB Joel Vera 0-0: SINGLE (Flyball, 6MD, EV 88.1 MPH)
Batting: SHB Blake Abbott 0-0: Ball
1-0: Ball
2-0: Ground out 5-3 (Groundball, 56S, EV 85.0 MPH)
Top of the 8th over - 2 runs, 2 hits, 0 errors, 1 left on base; Pulaski 24 - Seattle (APP) 0
BOTTOM OF THE 8TH
Seattle (APP) Mariners batting - Pitching for Pulaski Yankees : RHP Bill Kaiser
Batting: LHB William Warren 0-0: Called Strike
0-1: Called Strike
0-2: Strikes out looking
Batting: RHB Malik Brookshire 0-0: Swinging Strike
0-1: Foul Ball, location: 2F
0-2: Foul Ball, location: 2F
0-2: Hit by Pitch
Batting: RHB John Peterson 0-0: Ball
1-0: Ball
2-0: Called Strike
2-1: Foul Ball, location: 2F
2-2: Strikes out swinging
Batting: SHB Frank Amato 0-0: Fly out, F9 (Line Drive, 9S, EV 100.0 MPH)
Bottom of the 8th over - 0 runs, 0 hits, 0 errors, 1 left on base; Pulaski 24 - Seattle (APP) 0
TOP OF THE 9TH
Pulaski Yankees batting - Pitching for Seattle (APP) Mariners : LHP Aidan Smith
Batting: RHB Mike Gifford 0-0: Foul Ball, location: 2F
0-1: Called Strike
0-2: Strikes out swinging
Batting: SHB Victor Ruiz 0-0: Ball
1-0: Called Strike
1-1: Ball
2-1: Swinging Strike
2-2: Ball
3-2: Foul Ball, location: 2F
3-2: Foul Ball, location: 2F
3-2: Base on Balls
Batting: RHB Johannes Gutermuth 0-0: Fielders Choice at 2nd, 5-4 (Groundball, 56, EV 82.5 MPH)
Batting: RHB Roberto Tena 0-0: Called Strike
0-1: Fielders Choice at 2nd, 5-4 (Groundball, 56, EV 84.4 MPH)
Top of the 9th over - 0 runs, 0 hits, 0 errors, 1 left on base; Pulaski 24 - Seattle (APP) 0
BOTTOM OF THE 9TH
Seattle (APP) Mariners batting - Pitching for Pulaski Yankees : RHP Bill Kaiser
Batting: LHB Ryan Daniels 0-0: Ball
1-0: Called Strike
1-1: Called Strike
1-2: Ball
2-2: Ball
3-2: Strikes out swinging
Batting: RHB John Vasquez 0-0: Swinging Strike
0-1: Ground out 6-3 (Groundball, 6, EV 103.8 MPH)
Batting: SHB Ray Skogen 0-0: Called Strike
0-1: Swinging Strike
0-2: Strikes out swinging
Bottom of the 9th over - 0 runs, 0 hits, 0 errors, 0 left on base; Pulaski 24 - Seattle (APP) 0
Thursday, March 31st , 2022 - OOTP Baseball 22.12 Build 89